 Dungeon Crawl Stone Soup version 0.16-a0-922-gae79c9c (webtiles) character file.

49 RobertPalmer the Chopper (level 3, -4/24 HPs)
             Began as an Octopode Gladiator on Sept 30, 2014.
             Slain by an adder (5 damage)
             ... on Level 2 of the Dungeon.
             The game lasted 00:02:01 (1882 turns).

RobertPalmer the Chopper (Octopode Gladiator)       Turns: 1882, Time: 00:02:01

HP  -4/24        AC  1     Str 14      XL: 3   Next: 75%
MP   3/3         EV 13     Int 11      God:
Gold 78          SH  0     Dex 12      Spells:  0 memorised,  2 levels left

rFire  . . .     SeeInvis +     a - +0 war axe
rCold  . . .     Clarity  .     (no shield)
rNeg   . . .     rCorr    .     c - +0 hat
rPois  .         rRot     .     (no amulet)
rElec  .         Spirit   .     e - ring of see invisible
SustAb .         Warding  .     (no ring)
rMut   .         Stasis   .     (no ring)
Gourm  .                        (no ring)
MR     .....                    (no ring)
                                (no ring)
                                (no ring)
                                (no ring)

@: lethally poisoned, not resistant to hostile enchantments, unstealthy
A: almost no armour, amphibious, 8 rings, constrict 8, camouflage 1, gelatinous
body 1
a: no special abilities


You were on level 2 of the Dungeon.
You were hungry.

You visited 1 branch of the dungeon, and saw 2 of its levels.

You collected 78 gold pieces.


Innate Abilities, Weirdness & Mutations

You cannot wear most types of armour.
You are amphibious.
You can wear up to eight rings at the same time.
You can use your tentacles to constrict many enemies at once.
Your skin changes colour to match your surroundings (Stealth).
Your rubbery body absorbs attacks (AC +1).


   Skills:
 - Level 2.0 Fighting
 + Level 4.6 Axes
 - Level 2.0 Throwing
 - Level 3.0 Dodging


You had 2 spell levels left.
You didn't know any spells.

Inventory:

Hand weapons
 a - a +0 war axe (weapon)
Missiles
 d - 3 throwing nets (quivered)
 g - 14 poisoned needles
Armour
 c - a +0 hat (worn)
Comestibles
 f - 5 bread rations
 i - a royal jelly
 k - a meat ration
Scrolls
 b - a scroll of magic mapping {unknown}
 h - 2 scrolls of identify {unknown}
 l - a scroll of teleportation {unknown}
Jewellery
 e - a ring of see invisible (left tentacle)
Potions
 j - a potion of haste {unknown}

Dungeon Overview and Level Annotations

Branches:
Dungeon (2/15)

Altars:
Okawaru
Zin

#.#.#.#.........
#.#.#.#.......%.
#.#.#.#.........
#.#.#.#.......♣#
#
#.#.#.#.....[...
#.#######
#.#.#.....♣.>. .
#.......#
#.#.#.. ....
#.......###.#.#
..
#......sS@...#
#......###.###
#.......##.#
#..........#
#.............#
######.....###
... ##.....#
........
#..#...#.#


You could see an adder and a giant cockroach.


Message History

You feel sick. The adder misses you. The adder bites you.
You are more poisoned.
The adder poisons you!
You closely miss the adder.
The adder is heavily wounded.
You feel sick. The adder closely misses you.
You barely miss the adder.
The adder is heavily wounded.
The adder barely misses you. The adder bites you.
You are more poisoned.
The adder poisons you!
You closely miss the adder.
The adder is heavily wounded.
You feel sick. The adder bites you.
* * * LOW HITPOINT WARNING * * *
Unknown command.
Drink which item? (? for menu, Esc to quit)
You feel magically purged.
It was a potion of cancellation.
* * * LOW HITPOINT WARNING * * *
You feel sick. The adder bites you.
* * * LOW HITPOINT WARNING * * *
The adder bites you.
* * * LOW HITPOINT WARNING * * *
You are more poisoned.
The adder poisons you!
Drink which item? (? for menu, Esc to quit)
You feel refreshed.
It was a potion of restore abilities.
* * * LOW HITPOINT WARNING * * *
You feel sick. The adder bites you.
You die...

Action                   || total
-------------------------++-------
Melee: War axe           ||    53
Throw: Throwing net      ||     1
  Use: Scroll            ||     2
       Potion            ||     2
 Stab: Sleeping          ||     6
  Eat: Chunk             ||     2

Vault maps used:
D:1:      onia_arrival_larder, hangedman_glass_teeth, supply_closet_lemuel,
          minmay_misc_feat_doors
D:2:      lemuel_round_altar, serial_co_window_serial, co_window_corner_a,
          co_window_corner_a, co_window_of_opportunity_a, co_window_corner_a,
          co_window_paths_b, co_window_corner_ca, co_window_unsneaky_path_b,
          co_window_broadway_a, co_window_paths_c, co_window_corner_ca,
          grunt_ministairs_1, okawaru_gym_becter

Notes
Turn   | Place    | Note
--------------------------------------------------------------
     0 | D:1      | RobertPalmer, the Octopode Gladiator, began the quest for the Orb.
     0 | D:1      | Reached XP level 1. HP: 14/14 MP: 1/1
   101 | D:1      | Reached XP level 2. HP: 16/19 MP: 2/2
   800 | D:1      | Reached skill level 4 in Axes
   933 | D:2      | Found a glowing silver altar of Zin.
  1301 | D:2      | Reached XP level 3. HP: 8/24 MP: 3/3
  1573 | D:2      | Found an iron altar of Okawaru.
  1881 | D:2      | HP: 2/24 [adder (2)]
  1882 | D:2      | Slain by an adder

Vanquished Creatures
  An adder (D:2)
  2 worms (D:2)
  A ball python (D:1)
  4 giant cockroaches
  4 goblins
  3 hobgoblins
  4 kobolds (D:1)
  3 bats (D:1)
  3 giant newts (D:1)
  5 rats (D:1)
30 creatures vanquished.
